 Dungeon Crawl Stone Soup version 0.26-a0-67-g850bfe6 (webtiles) character file.

Game seed: 10576578598208126642

717 operationiv the Cleaver (level 7, -7/64 HPs)
             Began as a Minotaur Fighter on June 12, 2020.
             Mangled by Blork the orc
             ... wielding a +0 mace
              (9 damage)
             ... on level 4 of the Dungeon.
             The game lasted 00:06:07 (3221 turns).

operationiv the Cleaver (Minotaur Fighter)          Turns: 3221, Time: 00:06:07

Health: -7/64      AC:  6    Str: 22    XL:     7   Next: 42%
Magic:  6/6        EV:  7    Int:  5    God:
Gold:   148        SH:  9    Dex: 10    Spells: 3/6 levels left

rFire    . . .     SeeInvis .   a - +0 war axe
rCold    . . .     Gourm    .   c - +0 kite shield
rNeg     . . .     Faith    .   b - +0 scale mail
rPois    .         Spirit   .   (helmet restricted)
rElec    .         Reflect  .   (no cloak)
rCorr    .         Harm     .   (no gloves)
MR       .....                  (no boots)
Stlth    ..........             (no amulet)
HPRegen  0.20/turn              (no ring)
MPRegen  0.10/turn              (no ring)

@: lethally poisoned (-7 -> -8)
A: retaliatory headbutt, horns 2
a: no special abilities


You were on level 4 of the Dungeon.
You were not hungry.

You visited 1 branch of the dungeon, and saw 4 of its levels.

You collected 148 gold pieces.

Inventory:

Hand Weapons
 a - a +0 war axe (weapon)
 d - a +0 hand axe of flaming
   (You found it on level 2 of the Dungeon)
 q - a cursed -2 hand axe
   (You found it on level 1 of the Dungeon)
 v - a +0 trident of freezing
   (You found it on level 4 of the Dungeon)
 w - a +2 dagger of speed
   (You took it off a big kobold on level 4 of the Dungeon)
Missiles
 p - a throwing net {=f, !d}
 x - 3 curare-tipped darts
Armour
 b - a +0 scale mail (worn)
 c - a +0 kite shield (worn)
 g - a cursed +0 robe
   (You found it on level 4 of the Dungeon)
 m - a +0 pair of boots
   (You found it on level 1 of the Dungeon)
 s - a +1 scale mail of magic resistance
   (You found it on level 3 of the Dungeon)
Jewellery
 u - a cursed ring of attention {unknown}
   (You found it on level 3 of the Dungeon)
Wands
 r - a wand of enslavement (5)
   (You found it on level 3 of the Dungeon)
Scrolls
 h - 2 scrolls of amnesia {unknown}
 j - 2 scrolls of noise {unknown}
 k - 4 scrolls of remove curse {unknown}
 n - 2 scrolls of teleportation {unknown}
 o - 2 scrolls of identify {unknown}
 y - a scroll of enchant armour {unknown}
 A - a scroll of blinking {!r}
Potions
 e - a potion of lignification {unknown}
 i - 3 potions of curing {unknown}
 l - 2 potions of heal wounds {unknown}
 t - a potion of mutation {unknown}
Comestibles
 f - 6 rations


   Skills:
 + Level 6.7 Fighting
 * Level 8.4 Axes
 - Level 3.6 Armour
 - Level 3.6 Shields


You had 3 spell levels left.
You knew the following spells:

 Your Spells              Type           Power        Failure   Level  Hunger
a - Confusing Touch       Hex            #.......     100%        3    ####...

Your spell library contained the following spells:

 Spells                   Type           Power        Failure   Level  Hunger
 Gell's Gravitas          Tloc           #.........   100%        3    ####...
 Petrify                  Tmut/Erth      #.......     100%        4    #####..
 Metabolic Englaciation   Hex/Ice        #.........   100%        5    ######.
 Yara's Violent Unravell  Hex/Tmut       #.........   100%        5    ######.


Dungeon Overview and Level Annotations

Branches:
Dungeon (4/15)
 Temple: D:4-7

Altars:
Ashenzari
Xom

Portals:
Abyss: D:3

Annotations:
D:3 2 transporters, XxsatanxX's ghost, amateur DsFi
D:4 Blork the orc


Innate Abilities, Weirdness & Mutations

You reflexively headbutt those who attack you in melee.
You have a pair of horns on your head.


Message History

a +0 hand axe; an orc skeleton
Things that are here:
a +0 dagger; a +0 robe Some of the chunks of flesh in your inventory have rotted away.
Blork the orc comes into view.
He is wielding a +0 mace and carrying a wand of random effects (12).
Blork the orc shouts!
Blork the orc suddenly shouts.
Blork the orc gestures wildly while chanting.
Blork the orc seems to speed up.
You enter the shallow water.
Moving in this stuff is going to be slow.
Blork the orc casts a spell at you. The puff of frost hits you.
You take 2 damage, and have 62/64 hp.
Blork the orc points at you and mumbles some strange words.
The magic dart hits you!
All of the chunks of flesh in your inventory have rotted away.
You take 7 damage, and have 55/64 hp.
Blork the orc gestures at you while chanting.
The magic dart hits you.
You take 2 damage, and have 53/64 hp.
Blork the orc looks satisfied for a moment.
Blork the orc begins to cast a cantrip, but forgets the words!
Blork the orc casts a spell at you. The puff of frost hits you.
You take 4 damage, and have 49/64 hp.
Blork the orc looks satisfied for a moment.
Blork the orc gestures at you while chanting.
The magic dart hits you.
You take 4 damage, and have 45/64 hp.
You enter the shallow water.
Moving in this stuff is going to be slow.
A worker ant comes into view.
The worker ant twitches its antennae in your direction.
The worker ant waves its antennae.
Blork the orc suddenly cheers.
You block Blork the orc's attack. Blork the orc closely misses you.
You furiously retaliate!
You headbutt Blork the orc! You barely miss Blork the orc.
Blork the orc splashes around in the water.
You hit Blork the orc. You closely miss the worker ant.
Blork the orc splashes around in the water.
You block the worker ant's attack.
You hit Blork the orc. You headbutt Blork the orc.
Your shield prevents you from hitting the worker ant.
Blork the orc hits you with a +0 mace. The worker ant bites you.
You are poisoned.
The worker ant poisons you!
Blork the orc mumbles some strange words.
Blork the orc flickers and vanishes!
Deactivating autopickup; reactivate with Ctrl-A.
The worker ant bites you.
You are more poisoned.
The worker ant poisons you!
You take 9 damage, and have 38/64 hp.
You hit the worker ant but do no damage.
You hit something.
You feel sick.
You hear a splashing noise.
The worker ant bites you.
You take 7 damage, and have 31/64 hp.
You slice the worker ant!!
You kill the worker ant!
You barely miss something.
You feel sick.
Something hits you but does no damage. x2
You take 1 damage, and have 30/64 hp.
Unknown command.
You start resting.
You feel sick. x2
Something hits you. x2
You take 8 damage, and have 23/64 hp.
You start resting.
Something hits you.
You take 3 damage, and have 20/64 hp.
You start resting.
You feel sick.
There is a strange disturbance nearby!
You take 1 damage, and have 19/64 hp.
There is a strange disturbance nearby!
Your shield and scale mail prevent you from hitting something.
You feel sick.
You hear some strange, mumbled words.
A puff of flame appears from out of thin air!
You block the puff of flame.
You hear some strange, mumbled words.
A puff of flame appears from out of thin air!
The puff of flame hits you.
* * * LOW HITPOINT WARNING * * *
You take 3 damage, and have 16/64 hp.
You miss something. You block something's attack. Something hits you.
* * * LOW HITPOINT WARNING * * *
You take 4 damage, and have 12/64 hp.
You hit something but do no damage. You headbutt something.
You feel sick. Something hits you but does no damage.
You take 1 damage, and have 11/64 hp.
You closely miss something. Something hits you but does no damage.
You hit something.
You feel sick.
You hear some strange, mumbled words.
A puff of flame appears from out of thin air!
The puff of flame hits you!
* * * LOW HITPOINT WARNING * * *
Something hits you!
You die...

'.....######
#))........##.........
#..........##!.......
####.......##.......
#..)....##......
####..)....##.....
...............>. ####
#######.##....#.###..#
#.....#....@.#.(#
#.....#....{.#..# #
#.....#..#.#≈#..## #
#.)...#.....≈##)(# #
#........#.≈≈≈#.(## #
###.###....≈≈≈##(.# #
#..##.##.≈≈≈≈#((# #
##.##.##.≈≈≈##.(# #
#..#.##.≈≈≈#..##


There were no monsters in sight!

Vanquished Creatures
  An ogre (D:4)
  2 big kobolds (D:4)
  A crimson imp (D:4)
  2 orc priests
  2 hounds (D:4)
  An orc wizard (D:4)
  An iguana (D:4)
  A worker ant (D:4)
  A hound skeleton (D:4)
  Robin (D:2)
  A worker ant zombie (D:4)
  4 gnolls (D:3)
  7 adders
  2 worms
  6 dart slugs
  2 leopard geckos
  5 orcs
  2 ball pythons
  3 giant cockroaches
  18 goblins
  13 hobgoblins
  7 jackals (D:2)
  2 quokkas (D:2)
  9 bats
  5 frilled lizards
  18 kobolds
  14 rats
131 creatures vanquished.

Notes
Turn   | Place    | Note
-------+----------+-------------------------------------------
     0 | D:1      | operationiv the Minotaur Fighter began the quest for the
                  | Orb.
     0 | D:1      | Reached XP level 1. HP: 19/19 MP: 0/0
    82 | D:1      | Reached skill level 3 in Axes
    82 | D:1      | Reached XP level 2. HP: 23/27 MP: 1/1
   255 | D:1      | Reached skill level 4 in Fighting
   631 | D:1      | Reached XP level 3. HP: 33/33 MP: 2/2
   760 | D:1      | Reached skill level 4 in Axes
   996 | D:2      | Noticed Robin
  1011 | D:2      | Killed Robin
  1097 | D:2      | Reached XP level 4. HP: 24/41 MP: 3/3
  1109 | D:2      | Reached skill level 5 in Axes
  1396 | D:2      | Learned a level 3 spell: Confusing Touch
  1449 | D:2      | Found a shimmering altar of Xom.
  1599 | D:2      | Reached XP level 5. HP: 47/47 MP: 4/4
  1725 | D:3      | Reached skill level 5 in Fighting
  1830 | D:3      | Found a shattered altar of Ashenzari.
  1847 | D:3      | Reached skill level 6 in Axes
  1948 | D:3      | Noticed XxsatanxX's ghost (amateur DsFi)
  1951 | D:3      | Identified the +1 whip of the Boiling Point {distort, rPois
                  | rF+ rC+++ Str-5}
  1969 | D:3      | Found a transporter.
  2089 | D:3      | Found a transporter.
  2102 | D:3      | Noticed a toenail golem
  2109 | D:3      | Found a one-way gate to the infinite horrors of the Abyss.
  2117 | D:3      | Found a faded altar of an unknown god.
  2576 | D:4      | Reached XP level 6. HP: 56/56 MP: 5/5
  2811 | D:4      | Reached skill level 7 in Axes
  2823 | D:4      | Reached skill level 6 in Fighting
  2902 | D:4      | Reached XP level 7. HP: 36/64 MP: 6/6
  2958 | D:4      | Reached skill level 8 in Axes
  2959 | D:4      | meem: I'm meem, an infobot run by MalcolmRoseGaming: Type
                  | !submeem to keep me in your games; !nomeem to shut me up
                  | forever; !meem for help; !whymeem if you want to know why
                  | meem exists. Visit http://youtube.com/malcolmrosegaming for
                  | more DCSS content.
  3194 | D:4      | Noticed Blork the orc
  3217 | D:4      | HP: 16/64 [something/puff of flame (3)]
  3221 | D:4      | HP: 2/64 [something/puff of flame (8)]
  3221 | D:4      | Mangled by Blork the orc

Illustrated notes

Levels and vault maps discovered:
D:1:      giann_horns, layout_loops_corners, minmay_bisected
D:2:      layout_rooms, tgw_xom, uniq_robin
D:3:      layout_rooms, gammafunk_ghost_abyssal_escape,
          chequers_ecumenical_altar_simple, nicolae_ashenzari_panopticon
D:4:      cheibrodos_thug_alley, layout_basic, lemuel_temple_firewalk_b,
          first_ration, uniq_blork_the_orc

Skill      XL: |  1  2  3  4  5  6  7 |
---------------+----------------------+-----
Axes           | 3 4 5 6 7 8 |  8.4
Fighting       | 4 5 6 |  6.7
Armour         | |  3.6
Shields        | |  3.6

Action                   |  1- 3 |  4- 6 |  7- 9 || total
-------------------------+-------+-------+-------++-------
Melee: War axe           |    80 |   139 |    35 ||   254
       Headbutt          |    15 |    24 |     7 ||    46
  Use: Potion            |     1 |     1 |       ||     2
  Eat: Chunk             |     1 |     4 |     3 ||     8
Armor: Scale mail        |    35 |    38 |    12 ||    85
Dodge: Dodged            |    28 |    35 |     4 ||    67
Block: Kite shield       |    44 |    70 |    15 ||   129

Table legend:
 A = Non-vault XP
 B = Vault XP
 C = Vault XP percentage of total XP
 D = Non-vault monster count
 E = Vault monster count
 F = Vault count percentage of total count
                 A         B        C        D         E       F
            +---------+---------+-------+---------+---------+-------
      Total |     779 |     246 |  24.0 |     103 |      28 |  21.4
            +---------+---------+-------+---------+---------+-------
        D:1 |      50 |       4 |   7.4 |      27 |       2 |   6.9
        D:2 |     105 |      40 |  27.6 |      32 |      15 |  31.9
        D:3 |     161 |       0 |   0.0 |      27 |       0 |   0.0
        D:4 |     463 |     202 |  30.4 |      17 |      11 |  39.3
            +---------+---------+-------+---------+---------+-------

Levels and vault maps discovered:
D:1:      giann_horns, layout_loops_corners, minmay_bisected
D:2:      layout_rooms, tgw_xom, uniq_robin
D:3:      layout_rooms, gammafunk_ghost_abyssal_escape,
          chequers_ecumenical_altar_simple, nicolae_ashenzari_panopticon
D:4:      cheibrodos_thug_alley, layout_basic, lemuel_temple_firewalk_b,
          first_ration, uniq_blork_the_orc

Table legend:
 A = Turns spent in this place as a percentage of turns spent in the entire game.
 B = Non-inter-level travel turns spent in this place as a percentage of non-inter-level travel turns spent in the entire game.
 C = Inter-level travel turns spent in this place as a percentage of turns spent in this place.
 D = Turns resting spent in this place as a percentage of non-inter-level travel turns spent in this place.
 E = Turns spent auto-exploring this place as a percentage of non-inter-level travel turns spent in this place.
 F = Non-inter-level travel turns spent in this place divided by the number of levels of this place that you've seen.
                   A       B       C       D       E      F
               +-------+-------+-------+-------+-------+----------------------
         Total | 100.0 | 100.0 |   3.6 |   4.4 |  75.5 | 776.2
       Dungeon | 100.0 | 100.0 |   3.6 |   4.4 |  75.5 | 776.2
               +-------+-------+-------+-------+-------+----------------------

Table legend:
 A = Kills in this place as a percentage of kills in entire the game.
 B = Kills by you in this place as a percentage of kills by you in the entire game.
 C = Kills by friends in this place as a percentage of kills by friends in the entire game.
 D = Other kills in this place as a percentage of other kills in the entire game.
 E = Experience gained in this place as a percentage of experience gained in the entire game.
 F = Experience gained in this place divided by the number of levels of this place that you have seen.
                   A       B       C       D       E      F
               +-------+-------+-------+-------+-------+----------------------
         Total | 100.0 | 100.0 |   N/A |   N/A | 100.0 | 256.2
       Dungeon | 100.0 | 100.0 |   N/A |   N/A | 100.0 | 256.2
               +-------+-------+-------+-------+-------+----------------------
